 Dungeon Crawl Stone Soup version 0.25.1-2-g60ff931df9 (webtiles) character file.

Game seed: 16604456638321102063

506996 Elvor the Slayer (level 24, -6/238 HPs)
             Began as a Minotaur Fighter on Aug 28, 2020.
             Was the Champion of Okawaru.
             Splashed by a caustic shrike's acid (7 damage)
             ... on level 5 of the Depths on Aug 31, 2020.
             The game lasted 09:57:48 (53748 turns).

Elvor the Slayer (Minotaur Fighter)                Turns: 53748, Time: 09:57:48

Health: -6/238     AC: 46    Str: 36    XL:     24   Next: 20%
Magic:  25/32      EV: 22    Int: 12    God:    Okawaru [******]
Gold:   3852       SH: 32    Dex: 21    Spells: 18/25 levels left

rFire    + + .     SeeInvis +   i - +6 flail of Uncomfortable Rashes {flame, rPois Dex+4}
rCold    + . .     Gourm    .   O - +2 tower shield "Voilugumugh" {*Drain rElec rC+}
rNeg     + + .     Faith    +   w - +8 orange crystal plate armour {Archmagi, Int+3 Clar}
rPois    +         Spirit   .   o - +0 hat of Shadows and Fog {+Inv MP+9}
rElec    +         Reflect  .   m - +3 cloak of Disguise {rN+ Int-3 SInv}
rCorr    .         Harm     .   Z - +2 pair of gloves {Str+3}
MR       ++++.     Clarity  +   a - +4 pair of boots of the Harvest Moon {rF++}
Stlth    ..........             P - amulet of the Little Devil {Faith rPois MP-9 Str+4}
HPRegen  0.49/turn              t - ring of Geiskege {rN+ MR+++ Int+9 Slay-2 Stlth-}
MPRegen  0.23/turn              c - ring of Panef {rPois Str+2 Int-4 Dex+3 Slay+6}

@: heroism, finesse, corroded
A: retaliatory headbutt, horns 2
}: 2/15 runes: serpentine, barnacled
a: Heroism, Finesse, Renounce Religion, Evoke Invisibility


You were on level 5 of the Depths.
You worshipped Okawaru.
Okawaru was exalted by your worship.
You were not hungry.

You visited 9 branches of the dungeon, and saw 45 of its levels.
You visited the Abyss 1 time.
You visited 1 bazaar.
You also visited: Gauntlet and Ice Cave.

You collected 11051 gold pieces.
You spent 7199 gold pieces at shops.

Inventory:

Hand Weapons
 i - the +6 flail of Uncomfortable Rashes (weapon) {flame, rPois Dex+4}
   (Okawaru gifted it to you on level 4 of the Lair of Beasts)

   It has been specially enchanted to burn those struck by it, causing extra
   injury to most foes and up to half again as much damage against particularly
   susceptible opponents.
   It affects your dexterity (+4).
   It protects you from poison.
 V - the +0 eveningstar of Subterfuge {protect, Str+2}
   (Okawaru gifted it to you on level 6 of the Lair of Beasts)

   It grants its wielder temporary protection when it strikes (+7 to AC).
   It affects your strength (+2).
Missiles
 x - 27 boomerangs (quivered)
Armour
 a - the +4 pair of boots of the Harvest Moon (worn) {rF++}
   (You acquired it on level 12 of the Dungeon)

   It greatly protects you from fire.
 g - the +0 chain mail "Elogyon" {rElec Str+2 Slay+3}
   (Okawaru gifted it to you on level 4 of the Depths)

   It affects your strength (+2).
   It affects your accuracy and damage with ranged weapons and melee attacks
   (+3).
   It insulates you from electricity.
 m - the +3 cloak of Disguise (worn) {rN+ Int-3 SInv}
   (Okawaru gifted it to you on level 4 of the Snake Pit)

   It affects your intelligence (-3).
   It protects you from negative energy.
   It lets you see invisible.
 o - the +0 hat of Shadows and Fog (worn) {+Inv MP+9}
   (You found it in a Gauntlet)

   It affects your magic capacity (+9).
   It lets you turn invisible.
 w - the +8 orange crystal plate armour (worn) {Archmagi, Int+3 Clar}
   (You bought it in a shop on level 2 of the Orcish Mines)

   It affects your intelligence (+3).
   It protects you against confusion.
 O - the +2 tower shield "Voilugumugh" (worn) {*Drain rElec rC+}
   (You took it off Louise on level 1 of the Shoals)

   It protects you from cold.
   It insulates you from electricity.
   It causes draining when unequipped.
 Z - a +2 pair of gloves of strength (worn)
Jewellery
 c - the ring of Panef (right hand) {rPois Str+2 Int-4 Dex+3 Slay+6}
   (You acquired it on level 12 of the Dungeon)

   [ring of poison resistance]

   It affects your strength (+2).
   It affects your intelligence (-4).
   It affects your dexterity (+3).
   It affects your accuracy and damage with ranged weapons and melee attacks
   (+6).
   It protects you from poison.
 k - the ring "Vary" {rF+ rN+ Str+5 Slay+2}
   (You bought it in a shop in a bazaar)

   [ring of protection from fire]

   It affects your strength (+5).
   It affects your accuracy and damage with ranged weapons and melee attacks
   (+2).
   It protects you from fire.
   It protects you from negative energy.
 t - the ring of Geiskege (left hand) {rN+ MR+++ Int+9 Slay-2 Stlth-}
   (You bought it in a shop on level 15 of the Dungeon)

   [ring of positive energy]

   It affects your intelligence (+9).
   It affects your accuracy and damage with ranged weapons and melee attacks
   (-2).
   It protects you from negative energy.
   It affects your resistance to hostile enchantments.
   It makes you less stealthy.
 y - an uncursed ring of resist corrosion
 P - the amulet of the Little Devil (around neck) {Faith rPois MP-9 Str+4}
   (You took it off a deep elf mage on level 3 of the Elven Halls)

   [amulet of faith]

   It allows you to gain divine favour quickly.
   It affects your strength (+4).
   It protects you from poison.
   It affects your magic capacity (-9).
Wands
 b - a wand of acid (34)
 d - a wand of paralysis (34)
 B - a wand of disintegration (32)
 C - a wand of polymorph (31)
 G - a wand of clouds (19)
 L - a wand of enslavement (10)
 Q - a wand of digging (25)
 S - a wand of flame (82)
 U - a wand of iceblast (28)
Scrolls
 e - 22 scrolls of remove curse
 l - 21 scrolls of teleportation
 p - 3 scrolls of summoning
 s - 10 scrolls of immolation
 E - 4 scrolls of silence
 H - 2 scrolls of magic mapping
 I - 8 scrolls of fear
 M - 6 scrolls of fog
 N - 9 scrolls of blinking
Potions
 h - 2 potions of berserk rage
 j - 17 potions of heal wounds
 n - 5 potions of lignification
 r - 20 potions of curing
 u - 5 potions of haste
 v - 4 potions of might
 z - 2 potions of resistance
 F - 6 potions of ambrosia
 J - 7 potions of cancellation
 R - 2 potions of flight
 X - 3 potions of invisibility
Comestibles
 f - 49 rations


   Skills:
 * Level 24.1(27) Fighting
   Level 0.1(5.1) Short Blades
 + Level 18.9(23.9) Maces & Flails
 - Level 16.5(21.5) Throwing
 + Level 16.5(21.5) Armour
 * Level 15.1(20.1) Dodging
 - Level 1.7(6.7) Stealth
 + Level 24.0(27) Shields
 * Level 1.4 Spellcasting
 - Level 14.1 Invocations


You had 18 spell levels left.
You knew the following spells:

 Your Spells              Type           Power        Failure   Level  Hunger
a - Apportation           Tloc           #.....       87%         1    ##.....
b - Slow                  Hex            #.......     95%         2    ###....
c - Blink                 Tloc           N/A          95%         2    ###....
d - Passwall              Tmut/Erth      #.......     95%         2    ###....

Your spell library contained the following spells:

 Spells                   Type           Power        Failure   Level  Hunger
 Animate Skeleton         Necr           N/A          87%         1    ##.....
 Beastly Appendage        Tmut           #.....       87%         1    ##.....
 Corona                   Hex            #......      87%         1    ##.....
 Foxfire                  Conj/Fire      #...         87%         1    ##.....
 Infusion                 Chrm           #...         87%         1    ##.....
 Magic Dart               Conj           #...         87%         1    ##.....
 Sandblast                Erth           #.....       87%         1    ##.....
 Summon Small Mammal      Summ           #...         87%         1    ##.....
 Call Imp                 Summ           #.......     95%         2    ###....
 Ensorcelled Hibernation  Hex/Ice        #.....       95%         2    ###....
 Shroud of Golubria       Chrm/Tloc      #.....       95%         2    ###....
 Song of Slaying          Chrm           #.......     95%         2    ###....
 Sticks to Snakes         Tmut           #.......     95%         2    ###....
 Call Canine Familiar     Summ           #.......     99%         3    ####...
 Confusing Touch          Hex            #.......     99%         3    ####...
 Conjure Flame            Conj/Fire      #.......     99%         3    ####...
 Dazzling Flash           Conj/Hex       #.....       99%         3    ####...
 Frozen Ramparts          Ice            #.....       99%         3    ####...
 Gell's Gravitas          Tloc           #.........   99%         3    ####...
 Ignite Poison            Fire/Tmut/Pois #.......     99%         3    ####...
 Inner Flame              Hex/Fire       #.......     99%         3    ####...
 Lesser Beckoning         Tloc           #.........   99%         3    ####...
 Mephitic Cloud           Conj/Pois/Air  #.......     99%         3    ####...
 Ozocubu's Armour         Chrm/Ice       #.......     99%         3    ####...
 Portal Projectile        Hex/Tloc       #.....       99%         3    ####...
 Recall                   Summ/Tloc      N/A          99%         3    ####...
 Spectral Weapon          Hex/Chrm       #.......     99%         3    ####...
 Spider Form              Tmut/Pois      #.........   99%         3    ####...
 Static Discharge         Conj/Air       #.......     99%         3    ####...
 Summon Guardian Golem    Hex/Summ       #.......     99%         3    ####...
 Teleport Other           Tloc           #.......     99%         3    ####...
 Tukima's Dance           Hex            #.......     99%         3    ####...
 Animate Dead             Necr           N/A          100%        4    #####..
 Cause Fear               Hex            #.........   100%        4    #####..
 Hailstorm                Conj/Ice       #.......     100%        4    #####..
 Ice Form                 Ice/Tmut       #.......     100%        4    #####..
 Leda's Liquefaction      Hex/Erth       #.........   100%        4    #####..
 Passage of Golubria      Tloc           N/A          100%        4    #####..
 Petrify                  Tmut/Erth      #.......     100%        4    #####..
 Sticky Flame             Conj/Fire      #.......     100%        4    #####..
 Summon Ice Beast         Ice/Summ       #.......     100%        4    #####..
 Summon Lightning Spire   Summ/Air       #.......     100%        4    #####..
 Blade Hands              Tmut           #.........   100%        5    ######.
 Borgnjor's Vile Clutch   Necr/Erth      #.........   100%        5    ######.
 Fireball                 Conj/Fire      #.........   100%        5    ######.
 Irradiate                Conj/Tmut      #.........   100%        5    ######.
 Iskenderun's Battlesphe  Conj/Chrm      #.......     100%        5    ######.
 Metabolic Englaciation   Hex/Ice        #.........   100%        5    ######.
 Silence                  Hex/Air        #.........   100%        5    ######.
 Yara's Violent Unravell  Hex/Tmut       #.........   100%        5    ######.
 Conjure Ball Lightning   Conj/Air       #.........   100%        6    #######
 Death Channel            Necr           #.........   100%        6    #######
 Freezing Cloud           Conj/Ice/Air   #.........   100%        6    #######
 Hydra Form               Tmut           #.........   100%        6    #######
 Iron Shot                Conj/Erth      #.........   100%        6    #######
 Ozocubu's Refrigeration  Ice            #.........   100%        6    #######
 Simulacrum               Ice/Necr       #.........   100%        6    #######
 Statue Form              Tmut/Erth      #........    100%        6    #######
 Dragon Form              Tmut           #.........   100%        7    #######
 Chain Lightning          Conj/Air       #.........   100%        8    #######
 Ignition                 Fire           #.........   100%        8    #######
 Lehudib's Crystal Spear  Conj/Erth      #.........   100%        8    #######
 Absolute Zero            Ice            #.........   100%        9    #######
 Fire Storm               Conj/Fire      #.........   100%        9    #######
 Tornado                  Air            #.........   100%        9    #######


Dungeon Overview and Level Annotations

Branches:
Dungeon (15/15)            Temple (1/1) D:6            Lair (6/6) D:8
 Shoals (4/4) Lair:2        Snake (4/4) Lair:3        Slime (0/5) Lair:5
    Orc (2/2) D:12            Elf (3/3) Orc:2        Vaults (5/5) D:14
  Crypt (0/3) Vaults:2     Depths (5/5) D:15            Zot (0/5) Depths:5
  IceCv (visited)         Gauntlet (visited)

Altars:
Ashenzari
Cheibriados
Dithmenos
Elyvilon
Fedhas
Gozag
Hepliaklqana
Kikubaaqudgha
Makhleb
Nemelex Xobeh
Okawaru
Qazlal
Ru
Sif Muna
Trog
Uskayaw
Vehumet
Wu Jian
Xom
Yredelemnul
Zin
The Shining One
Beogh
Jiyva

Shops:
D:7 =   D:15 =   Orc:2 ([*:   Elf:3 }   Shoals:3 *   Vaults:2 =   Vaults:3 =
Depths:2 %![*   Depths:3 *!%(

Portals:
Hell: Depths:1 Depths:2 Depths:3 Depths:4
Abyss: Depths:3 Depths:4
Pandemonium: Depths:1 Depths:3 Depths:4
Ziggurat: Depths:1
Trove: Elf:1 (give +4 shadow dragon scales)

Annotations:
Depths:4 2 transporters, Kaiern's ghost, veteran GrFi


Innate Abilities, Weirdness & Mutations

You reflexively headbutt those who attack you in melee.
You have a pair of horns on your head.


Message History

You block the caustic shrike's attack. The caustic shrike claws you!
* * * LOW HITPOINT WARNING * * *
The acid corrodes you!
You are splashed with acid!
* * * LOW HITPOINT WARNING * * *
The caustic shrike misses you. x2; You furiously retaliate!
You headbutt the caustic shrike.
The caustic shrike claws you but does no damage.
The caustic shrike misses you.
You feel much better. You block the caustic shrike's attack.
The caustic shrike misses you.
The caustic shrike completely misses you.
You furiously retaliate!
You headbutt the caustic shrike!
You block the caustic shrike's attack. x2; The caustic shrike claws you!
* * * LOW HITPOINT WARNING * * *
You are splashed with acid!
* * * LOW HITPOINT WARNING * * *
The caustic shrike claws you!
* * * LOW HITPOINT WARNING * * *
You are splashed with acid!
You die...

.....* .....* #### ....#####..#
.....(.....## ............#
............### ####**#
.).)..........###..#*.##
.##[#..........D...#...#
##).#..........b@.†....# ******
...##.....§≈...bbb....## **,,,,,
..##.............)....# *,,****
.##.......≈§.[....##.## *,,+,,,
##........≈§≈.....#*.# *,,****
#..................### *,,**,,
#..##..............#,** *,,*,**
.....................,*****,,*,*,
.....................,,,,,,,,*,*,


You could see 4 caustic shrikes and a fire dragon.

Vanquished Creatures
  An ancient lich (Depths:2)
  Bai Suzhen (Elf:3)
  Saint Roka (Vaults:1)
  3 caustic shrikes
  6 golden dragons
  4 liches
  Asterion (Depths:2)
  3 tentacled monstrosities
  2 deep elf blademasters
  3 titans
  A quicksilver dragon (Depths:4)
  A deep elf master archer (Elf:3)
  2 acid blobs (Lair:5)
  Polyphemus (Shoals:2)
  5 sphinxes
  Kirke (Lair:5)
  2 storm dragons
  2 shadow dragons (Depths:3)
  A tengu reaver (Depths:3)
  8 fire giants
  10 nagarajas
  A draconian scorcher (Depths:5)
  An iron dragon (Depths:4)
  Louise (Shoals:1)
  11 frost giants
  8 vault wardens
  3 orc warlords
  8 deep elf sorcerers
  8 deep elf elementalists
  Aizul (Snake:2)
  8 ironheart preservers
  9 very ugly things
  19 stone giants
  2 vampire knights
  An entropy weaver (Vaults:3)
  A green draconian (Depths:5)
  A yellow draconian (Depths:5)
  12 deep elf annihilators
  10 deep elf demonologists
  A dire elephant (Lair:6)
  A minotaur (Gauntlet)
  9 spark wasps
  An eidolon (Vaults:2)
  15 ettins
  6 merfolk javelineers
  2 blizzard demons (IceCv)
  15 merfolk impalers
  3 deep elf death magi
  6 fire dragons
  A quicksilver dragon zombie (Depths:1)
  18 yaktaur captains
  8 ogre magi
  8 great orbs of eyes
  4 deep elf high priests (Elf:3)
  4 rakshasas
  14 naga warriors
  The ghost of Toogi the Fighter, a journeyman MfVM of Ashenzari (Orc:1)
  12 vault guards
  A hell beast (Depths:2)
  2 spriggan air magi
  Erolcha (D:12)
  5 hydras
  Harold (Lair:2)
  9 ice dragons
  2 merfolk avatars (Shoals:3)
  8 anacondas
  6 merfolk aquamancers
  An alligator snapping turtle (Shoals:3)
  2 death knights
  4 catoblepae
  4 satyrs
  25 dancing weapons
  A queen ant (Lair:3)
  15 death yaks
  30 two-headed ogres
  6 deep troll earth magi
  9 centaur warriors
  6 deep troll shamans
  5 tengu warriors
  2 thrashing horrors (Abyss:4)
  4 vampire magi (Depths:2)
  8 naga sharpshooters
  3 orc high priests (Orc:2)
  8 spriggan berserkers
  6 shock serpents
  The ghost of Xeobumiy the Covert, a journeyman SpAE of Ru (D:11)
  A wretched star (Abyss:4)
  11 iron trolls
  A storm dragon zombie (Vaults:4)
  25 deep elf knights
  3 shadow wraiths
  A hell knight (Depths:5)
  4 unseen horrors
  4 salamander mystics
  23 deep trolls
  4 naga ritualists
  9 sea snakes
  2 glowing orange brains
  An orange crystal statue (Vaults:2)
  4 flayed ghosts
  14 deep elf archers
  3 necromancers
  5 wizards
  12 ironbrand convokers
  13 harpies
  20 orc knights
  7 mana vipers
  An oklob plant (Lair:1)
  4 orc sorcerers (Orc:2)
  2 wolf spider zombies (D:13)
  67 deep elf magi
  Pikel (D:4)
  21 ugly things
  7 salamanders
  A stone giant zombie (Vaults:4)
  6 wolf spiders
  8 fauns
  2 moths of wrath (Orc:1)
  13 manticores
  A salamander (shapeshifter) (D:14)
  14 cyclopes
  A moth of wrath (shapeshifter) (Depths:5)
  26 black mambas
  A stone giant skeleton (Vaults:4)
  A black mamba (shapeshifter) (Gauntlet)
  A titan simulacrum (Depths:1)
  6 merfolk sirens
  A centaur zombie (D:15)
  7 vault sentinels
  16 elephants
  13 naga magi
  An ice statue (IceCv)
  A frost giant skeleton (Depths:2)
  2 guardian serpents
  A spiny frog (shapeshifter) (D:14)
  3 gargoyles (Depths:2)
  6 water nymphs
  6 spiny frogs
  2 spark wasp simulacra
  A golden dragon simulacrum (IceCv)
  A minotaur zombie (Gauntlet)
  7 freezing wraiths
  2 kobold demonologists
  A centaur skeleton (D:15)
  3 rime drakes
  2 elves (Depths:2)
  8 komodo dragons
  75 yaktaurs
  2 komodo dragons (shapeshifter)
  8 ice devils (IceCv)
  An anaconda simulacrum (IceCv)
  A rime drake (shapeshifter) (Gauntlet)
  2 jumping spiders (shapeshifter)
  46 merfolk
  A red devil (Depths:2)
  2 trolls (shapeshifter)
  10 wind drakes
  13 trolls
  A tengu simulacrum (Depths:1)
  3 meliai (D:15)
  2 tengu conjurers
  Prince Ribbit (Lair:2)
  A meliai (shapeshifter) (Vaults:2)
  A jumping spider (Vaults:3)
  5 hornets
  2 hippogriffs (shapeshifter)
  A meliai zombie (D:13)
  13 slime creatures
  10 dream sheep
  26 blink frogs
  9 hippogriffs
  4 raiju (Abyss:4)
  9 snapping turtles
  3 shadows
  10 flying skulls (Gauntlet)
  A spriggan skeleton (Depths:1)
  11 spriggans
  3 wyverns
  5 vampires
  4 redbacks
  30 water elementals
  An ettin skeleton (Depths:1)
  A tarantella (shapeshifter) (Vaults:1)
  4 dire elephant simulacra (IceCv)
  32 yaks
  3 wraiths
  Eustachio (D:4)
  3 air elementals
  A yak (shapeshifter) (Vaults:1)
  3 fire elementals
  2 hogs (Lair:5)
  A large abomination (Abyss:4)
  6 basilisks
  A chaos spawn (Abyss:4)
  A steam dragon (D:13)
  3 hungry ghosts
  4 iron troll simulacra (IceCv)
  8 wargs
  3 harpy simulacra (IceCv)
  An acid dragon (D:6)
  5 hydra simulacra (IceCv)
  59 nagas
  15 water moccasins
  21 soldier ants
  A floating eye (Depths:4)
  2 porcupines (Lair:1)
  40 orc warriors
  5 sky beasts
  A black bear (shapeshifter) (Depths:2)
  2 deep troll simulacra (Depths:1)
  3 ice beasts
  4 black bears
  An ettin simulacrum (IceCv)
  A hornet zombie (D:14)
  A slave (D:4)
  A human zombie (Vaults:4)
  33 ogres
  A phantom (D:10)
  A necrophage (D:8)
  8 boggarts
  A small abomination (Abyss:4)
  17 crocodiles
  22 wolves
  17 centaurs
  2 big kobolds
  19 bullfrogs
  A bullfrog (shapeshifter) (Gauntlet)
  A gnoll sergeant (D:6)
  An earth elemental (Elf:3)
  A water moccasin zombie (D:9)
  7 scorpions
  2 spectral wargs (Depths:2)
  A wyvern skeleton (D:13)
  A water moccasin skeleton (D:6)
  5 killer bees (D:13)
  A human simulacrum (Vaults:3)
  9 wights
  14 electric eels
  10 howler monkeys
  5 crimson imps
  6 draconian simulacra (IceCv)
  2 jellies (D:12)
  Crazy Yiuf (D:4)
  3 bullfrog zombies
  30 orc wizards
  A gnoll shaman (D:5)
  22 orc priests
  2 bullfrog skeletons
  10 hounds
  An iron imp (Depths:1)
  5 iguanas
  31 worker ants
  3 troll simulacra (IceCv)
  A wolf simulacrum (IceCv)
  A centaur simulacrum (IceCv)
  A hound zombie (D:6)
  A worker ant zombie (D:10)
  Robin (D:2)
  19 gnolls
  A howler monkey zombie (D:10)
  21 adders
  2 howler monkey skeletons
  An ogre simulacrum (IceCv)
  3 naga simulacra (IceCv)
  2 shadow imps
  6 white imps (IceCv)
  6 ufetubi (IceCv)
  3 oozes
  An adder skeleton (D:4)
  An adder zombie (D:6)
  A worm (D:2)
  4 dart slugs
  8 leopard geckos
  89 orcs
  15 bats
  4 giant cockroaches
  16 goblins
  11 hobgoblins
  13 jackals
  7 quokkas
  5 frilled lizards
  18 kobolds
  A leopard gecko skeleton (D:7)
  2 quokka skeletons
  A quokka zombie (D:9)
  7 rats
  A bush (Abyss:4)
  2 crawling corpses (Elf:3)
  12 plants
2045 creatures vanquished.

Vanquished Creatures (collateral kills)
  2 deep elf magi (Vaults:2)
2 creatures vanquished.

Vanquished Creatures (others)
  2 deep elf knights
  A large abomination (Elf:3)
  A black bear (D:4)
  An electric eel (Elf:3)
  A bullfrog skeleton (D:4)
  2 hounds (D:8)
  A leopard gecko (D:4)
  An orc (D:4)
  A giant cockroach (D:8)
  2 demonic plants (Abyss:4)
  17 fungi
  20 plants
  2 starspawn tentacles (Abyss:4)
52 creatures vanquished.

Grand Total: 2099 creatures vanquished

Notes
Turn   | Place    | Note
-------+----------+-------------------------------------------
     0 | D:1      | Elvor the Minotaur Fighter began the quest for the Orb.
     0 | D:1      | Reached XP level 1. HP: 19/19 MP: 0/0
    72 | D:1      | Reached XP level 2. HP: 24/27 MP: 1/1
   589 | D:1      | Reached XP level 3. HP: 31/33 MP: 2/2
   935 | D:2      | Found a white marble altar of Elyvilon.
   939 | D:2      | Noticed Robin
   954 | D:2      | Killed Robin
   954 | D:2      | Reached XP level 4. HP: 38/41 MP: 3/3
  1219 | D:2      | Found a faded altar of an unknown god.
  1750 | D:3      | Reached XP level 5. HP: 46/47 MP: 4/4
  2004 | D:3      | Found a shattered altar of Ashenzari.
  2004 | D:3      | Found a glowing golden altar of the Shining One.
  2339 | D:4      | Noticed an ogre
  2341 | D:4      | Noticed Eustachio
  2353 | D:3      | Killed an ogre
  2353 | D:3      | Reached skill level 5 in Fighting
  2353 | D:3      | Reached skill level 5 in Maces & Flails
  2353 | D:3      | Reached XP level 6. HP: 27/56 MP: 5/5
  2518 | D:4      | Killed Eustachio
  2518 | D:4      | Reached skill level 1 in Dodging
  2518 | D:4      | Reached skill level 5 in Shields
  2550 | D:4      | Reached skill level 1 in Throwing
  2562 | D:4      | Reached XP level 7. HP: 50/61 MP: 6/6
  2585 | D:4      | Noticed Pikel
  2601 | D:4      | Killed Pikel
  2601 | D:4      | Reached skill level 5 in Armour
  2605 | D:4      | Reached XP level 8. HP: 52/71 MP: 7/7
  2863 | D:4      | Found a runed translucent door.
  2864 | D:4      | Noticed Crazy Yiuf
  2871 | D:4      | Killed Crazy Yiuf
  2934 | D:4      | Got an ancient mace
  2935 | D:4      | Identified the +7 mace of Putrescence {vorpal, *Drain rN+
                  | Dex+2} (You found it on level 4 of the Dungeon)
  3010 | D:5      | Entered Level 5 of the Dungeon
  4023 | D:5      | Reached XP level 9. HP: 72/81 MP: 8/8
  4060 | D:6      | Found an opulent altar of Gozag.
  4396 | D:6      | Found a staircase to the Ecumenical Temple.
  4414 | Temple   | Entered the Ecumenical Temple
  4479 | Temple   | Became a worshipper of Warmaster Okawaru
  4563 | D:6      | Found an ornate altar of the Wu Jian Council.
  4989 | D:7      | Found Dyewaju's Jewellery Boutique.
  5107 | D:7      | Found a blossoming altar of Fedhas.
  5476 | D:8      | Reached * piety under Okawaru
  5596 | D:8      | Found a radiant altar of Vehumet.
  5646 | D:8      | Reached XP level 10. HP: 44/91 MP: 9/9
  5936 | D:8      | Reached skill level 10 in Maces & Flails
  5946 | D:8      | Reached ** piety under Okawaru
  6321 | D:8      | Found a staircase to the Lair.
  7319 | D:9      | Reached skill level 10 in Fighting
  7481 | D:9      | Found a glowing silver altar of Zin.
  7493 | D:9      | Reached *** piety under Okawaru
  7645 | D:9      | Noticed a cyclops
  7651 | D:9      | Killed a cyclops
  7801 | D:10     | Entered Level 10 of the Dungeon
  7843 | D:10     | Reached skill level 5 in Throwing
  7863 | D:10     | Got a spiked ring mail
  7874 | D:10     | Identified the cursed +0 ring mail of Elitism {rCorr} (You
                  | found it on level 10 of the Dungeon)
  7913 | D:10     | Found a glowing golden altar of the Shining One.
  7958 | D:10     | Reached **** piety under Okawaru
  8389 | D:11     | Noticed a two-headed ogre
  8401 | D:11     | Killed a two-headed ogre
  8401 | D:11     | Reached XP level 11. HP: 101/101 MP: 10/10
  8451 | D:11     | Killed an unseen horror
  8524 | D:11     | Found a runed translucent door.
  8664 | D:11     | Noticed a green ugly thing
  8675 | D:11     | Killed a green ugly thing
  8675 | D:11     | Reached ***** piety under Okawaru
  8675 | D:11     | Reached skill level 10 in Shields
  8689 | D:11     | Noticed a green ugly thing
  8698 | D:11     | Killed a green ugly thing
  9101 | D:11     | Noticed Xeobumiy's ghost (journeyman SpAE)
  9130 | D:11     | Killed Xeobumiy's ghost
  9243 | D:12     | Noticed Erolcha
  9255 | D:12     | Killed Erolcha
  9255 | D:12     | Reached skill level 1 in Invocations
  9311 | D:12     | Received a gift from Okawaru
  9327 | D:12     | Found a staircase to the Orcish Mines.
  9393 | D:12     | Found a roughly hewn altar of Beogh.
  9513 | D:12     | Received a gift from Okawaru
 10077 | D:13     | Noticed a tengu warrior
 10084 | D:13     | Killed a tengu warrior
 10125 | D:13     | Noticed a purple ugly thing
 10199 | D:13     | Found a gate leading to a gauntlet.
 10208 | Gauntlet | Entered a Gauntlet
 10208 | Gauntlet | Found a transporter.
 10208 | Gauntlet | Noticed a red ugly thing
 10292 | Gauntlet | Found a transporter.
 10294 | Gauntlet | Noticed a wolf spider
 10295 | Gauntlet | Noticed a glowing orange brain
 10296 | Gauntlet | Found a transporter.
 10296 | Gauntlet | Found a transporter.
 10299 | Gauntlet | Found a transporter.
 10300 | Gauntlet | Found a transporter.
 10301 | Gauntlet | Found a large runed translucent door.
 10302 | Gauntlet | Found a large runed translucent door.
 10303 | Gauntlet | Found a large runed translucent door.
 10303 | Gauntlet | Found a large runed translucent door.
 10303 | Gauntlet | Found a runed translucent door.
 10304 | Gauntlet | Found a large runed translucent door.
 10305 | Gauntlet | Found a large runed translucent door.
 10306 | Gauntlet | Found a large runed translucent door.
 10306 | Gauntlet | Found a large runed translucent door.
 10306 | Gauntlet | Noticed a blizzard demon
 10307 | Gauntlet | Found a runed translucent door.
 10307 | Gauntlet | Found a runed translucent gate.
 10307 | Gauntlet | Found a runed translucent gate.
 10307 | Gauntlet | Found a runed translucent gate.
 10308 | Gauntlet | Found a transporter.
 10308 | Gauntlet | Noticed a wretched star
 10309 | Gauntlet | Found a transporter.
 10310 | Gauntlet | Found the ring of Robustness {AC+8}
 10328 | Gauntlet | Noticed a glowing orange brain
 10328 | Gauntlet | a moth of wrath changed into a glowing orange brain
 10329 | Gauntlet | Found a transporter.
 10339 | Gauntlet | Noticed a mana viper
 10339 | Gauntlet | a glowing orange brain changed into a mana viper
 10346 | Gauntlet | Found a transporter.
 10346 | Gauntlet | Noticed a fire crab
 10346 | Gauntlet | a mana viper changed into a fire crab
 10350 | Gauntlet | Found a transporter.
 10361 | Gauntlet | Found a transporter.
 10416 | Gauntlet | Noticed an entropy weaver
 10422 | Gauntlet | Found a large runed translucent door.
 10423 | Gauntlet | Found a large runed translucent door.
 10424 | Gauntlet | Found a large runed translucent door.
 10424 | Gauntlet | Found a large runed translucent door.
 10425 | Gauntlet | Found a large runed translucent door.
 10426 | Gauntlet | Found a large runed translucent door.
 10427 | Gauntlet | Found a large runed translucent door.
 10427 | Gauntlet | Found a large runed translucent door.
 10506 | Gauntlet | Reached XP level 12. HP: 103/113 MP: 5/13
 10507 | Gauntlet | Received a gift from Okawaru
 10525 | Gauntlet | Got a faintly humming hat
 10536 | Gauntlet | Identified the cursed +0 hat of Shadows and Fog {+Inv MP+9}
                  | (You found it in a Gauntlet)
 10693 | Gauntlet | Noticed a minotaur
 10710 | Gauntlet | Killed a minotaur
 10710 | Gauntlet | Received a gift from Okawaru
 10717 | Gauntlet | Identified Wamm's Tome of Entrancing Stones
 10718 | Gauntlet | Got a faintly glowing tin ring
 10765 | Gauntlet | Identified the cursed ring "Xeofir" {rPois Int-4} (You
                  | found it in a Gauntlet)
 11270 | D:13     | Found an ancient bone altar of Kikubaaqudgha.
 11623 | Lair:1   | Entered Level 1 of the Lair of Beasts
 11765 | Lair:1   | Reached skill level 10 in Armour
 11897 | Lair:1   | Noticed a four-headed hydra
 11910 | Lair:1   | Killed a four-headed hydra
 12243 | Lair:1   | Reached XP level 13. HP: 123/123 MP: 15/15
 12309 | Lair:1   | Received a gift from Okawaru
 12831 | Lair:2   | Noticed Prince Ribbit
 12834 | Lair:2   | Killed Prince Ribbit
 13025 | Lair:2   | Noticed Harold
 13043 | Lair:2   | Killed Harold
 13128 | Lair:2   | Found a staircase to the Shoals.
 13732 | Lair:3   | Found the +8 whip "Snakebite" {curare, rPois}
 14272 | Lair:3   | Received a gift from Okawaru
 14465 | Lair:3   | Found a staircase to the Snake Pit.
 14595 | Lair:4   | Reached ****** piety under Okawaru
 14595 | Lair:4   | Reached skill level 15 in Fighting
 14777 | Lair:4   | Received a gift from Okawaru
 14778 | Lair:4   | Got a bloodstained flail {god gift}
 15504 | Lair:4   | Reached XP level 14. HP: 100/135 MP: 16/16
 15627 | Lair:5   | Found a runed translucent door.
 15629 | Lair:5   | Found a viscous altar of Jiyva.
 15630 | Lair:5   | Noticed an acid blob
 15632 | Lair:5   | Found a staircase to the Slime Pits.
 15632 | Lair:5   | Noticed an acid blob
 15639 | Lair:5   | Noticed Kirke
 15788 | Lair:5   | You fall into a shaft and drop 1 floor!
 15788 | Lair:6   | Entered Level 6 of the Lair of Beasts
 15802 | Lair:6   | Received a gift from Okawaru
 16003 | Lair:6   | Received a gift from Okawaru
 16049 | Lair:6   | Got a jewelled eveningstar {god gift}
 16081 | Lair:6   | Identified the +0 eveningstar of Subterfuge {protect,
                  | Str+2} (Okawaru gifted it to you on level 6 of the Lair of
                  | Beasts)
 16082 | Lair:6   | Identified the +6 flail of Uncomfortable Rashes {flame,
                  | rPois Dex+4} (Okawaru gifted it to you on level 4 of the
                  | Lair of Beasts)
 16478 | Lair:6   | Reached skill level 1 in Stealth
 16828 | Lair:6   | Received a gift from Okawaru
 17060 | Lair:5   | Received a gift from Okawaru
 17486 | Lair:5   | Killed Kirke
 17486 | Lair:5   | Reached skill level 15 in Maces & Flails
 17490 | Lair:5   | Identified 3 scrolls of acquirement
 17535 | Lair:5   | Killed an acid blob
 17535 | Lair:5   | Reached skill level 5 in Invocations
 17543 | Lair:5   | Killed an acid blob
 17545 | Lair:5   | Reached XP level 15. HP: 108/145 MP: 17/17
 17863 | Orc:1    | Entered Level 1 of the Orcish Mines
 17910 | Orc:1    | Found a transporter.
 17963 | Orc:1    | Found a transporter.
 17964 | Orc:1    | Found a bloodstained altar of Trog.
 18151 | Orc:1    | Noticed Toogi's ghost (journeyman MfVM)
 18206 | Orc:1    | Identified the +7 scimitar of Tewyahaa {elec, Dex+4}
 18328 | Orc:2    | Entered Level 2 of the Orcish Mines
 18336 | Orc:2    | Found a staircase to the Elven Halls.
 18427 | Orc:2    | Received a gift from Okawaru
 18529 | Orc:2    | Reached skill level 10 in Throwing
 18552 | Orc:2    | Found Roggoj's Antique Armour Shop.
 18570 | Orc:2    | Noticed an orc warlord
 18585 | Orc:2    | Killed an orc warlord
 18615 | Orc:2    | Found Dibolerph's Book Emporium.
 18630 | Orc:2    | Found a roughly hewn altar of Beogh.
 18843 | Orc:2    | Found Gasy's General Store.
 18952 | Orc:2    | Found Evion's Antique Weapon Shoppe.
 19204 | Orc:2    | Bought a book of Cantrips for 260 gold pieces
 19208 | Orc:2    | Learned a level 1 spell: Apportation
 19211 | Orc:2    | Learned a level 2 spell: Slow
 19248 | Orc:2    | Bought a scroll of identify for 30 gold pieces
 19248 | Orc:2    | Bought a potion of curing for 45 gold pieces
 19248 | Orc:2    | Bought a scroll of brand weapon for 300 gold pieces
 19300 | Orc:1    | Received a gift from Okawaru
 19333 | Orc:1    | Killed Toogi's ghost
 19621 | D:14     | Received a gift from Okawaru
 19669 | D:14     | Got a steaming leather armour
 19690 | D:14     | Identified the cursed +0 leather armour of the Past {Str+3
                  | Dex-5} (You found it on level 14 of the Dungeon)
 19727 | D:14     | Found a gate to the Vaults.
 20008 | D:14     | Got a masterwork mace
 20070 | D:14     | Identified the +5 mace of Xypirgh {flame, +Rage rElec Dex-3
                  | SInv} (You found it on level 14 of the Dungeon)
 20368 | D:15     | Entered Level 15 of the Dungeon
 20381 | D:15     | Found a shimmering altar of Xom.
 20512 | D:15     | Found a sparkling altar of Nemelex Xobeh.
 20751 | D:15     | Found Yxzuitoh's Jewellery Emporium.
 20850 | D:15     | Reached skill level 15 in Shields
 21036 | D:15     | Found a staircase to the Depths.
 21447 | Snake:1  | Entered Level 1 of the Snake Pit
 21857 | Snake:2  | Noticed a nagaraja
 21865 | Snake:2  | Noticed a nagaraja
 21873 | Snake:2  | Killed a nagaraja
 21873 | Snake:2  | Received a gift from Okawaru
 21873 | Snake:2  | Reached XP level 16. HP: 140/157 MP: 19/19
 21874 | Snake:2  | Noticed Aizul
 21994 | Snake:2  | Killed Aizul
 22057 | Snake:2  | Got an encrusted kite shield {god gift}
 22082 | Snake:1  | Identified the +3 kite shield of a Thousand Realms {+Inv}
                  | (Okawaru gifted it to you on level 2 of the Snake Pit)
 22508 | Snake:2  | You fall into a shaft and drop 1 floor!
 22603 | Snake:3  | Found a frozen archway.
 22609 | IceCv    | Entered an ice cave
 23656 | IceCv    | Got a distressingly furry scale mail
 23658 | IceCv    | Got an ancient hat
 23685 | IceCv    | Identified the +2 hat "Baefuula" {-Cast Harm rElec rC+++}
                  | (You found it in an ice cave)
 23705 | IceCv    | Identified the +1 scale mail "Retoq" {MR+ Regen+ Str-4
                  | Int+3} (You found it in an ice cave)
 23732 | IceCv    | Got a jewelled long sword
 23733 | IceCv    | Identified the +4 long sword of Insufficient Pleasure
                  | {vorpal, +Fly rC+ Dex+2} (You found it in an ice cave)
 24079 | Snake:3  | Received a gift from Okawaru
 25360 | Snake:4  | Entered Level 4 of the Snake Pit
 25498 | Snake:4  | Received a gift from Okawaru
 25499 | Snake:4  | Got a jewelled great mace {god gift}
 25672 | Snake:4  | Reached XP level 17. HP: 166/166 MP: 20/20
 26219 | Snake:4  | Received a gift from Okawaru
 26344 | Snake:4  | Received a gift from Okawaru
 26349 | Snake:4  | Got a brightly glowing cloak {god gift}
 26369 | Snake:4  | Identified the +3 cloak of Disguise {rN+ Int-3 SInv}
                  | (Okawaru gifted it to you on level 4 of the Snake Pit)
 26451 | Snake:4  | Got a serpentine rune of Zot
 26776 | D:12     | Identified the +8 great mace of the Warrior {speed, *Noise
                  | Dex+6} (Okawaru gifted it to you on level 4 of the Snake
                  | Pit)
 27571 | D:15     | Bought the ring of Geiskege {rN+ MR+++ Int+9 Slay-2 Stlth-}
                  | for 756 gold pieces
 27839 | Shoals:1 | Entered Level 1 of the Shoals
 28683 | Shoals:1 | Identified the +2 tower shield "Voilugumugh" {*Drain rElec
                  | rC+}
 28683 | Shoals:1 | Noticed Louise
 28699 | Shoals:1 | Killed Louise
 28928 | Shoals:1 | Got a warped quarterstaff
 28929 | Shoals:1 | Identified the +3 quarterstaff "Gram" {vamp, *Corrode rF+++
                  | Int+5 Stlth+} (You found it on level 1 of the Shoals)
 28997 | Shoals:2 | Noticed Polyphemus
 29022 | Shoals:2 | Killed Polyphemus
 29022 | Shoals:2 | Reached skill level 5 in Dodging
 29207 | Shoals:2 | Received a gift from Okawaru
 29782 | Shoals:2 | Found a shimmering blue altar of Sif Muna.
 30100 | Shoals:2 | Received a gift from Okawaru
 30346 | Shoals:3 | Reached XP level 18. HP: 176/176 MP: 21/21
 30394 | Shoals:3 | Received a gift from Okawaru
 30474 | Shoals:3 | Found Kugejul's Assorted Antiques.
 30816 | Shoals:4 | Entered Level 4 of the Shoals
 30828 | Shoals:4 | Received a gift from Okawaru
 31960 | Shoals:4 | Got a barnacled rune of Zot
 32013 | Shoals:4 | Identified Sif Muna's Handbook of Self-Knowledge and
                  | Lightness
 32071 | Shoals:4 | Learned a level 2 spell: Blink
 33758 | D:12     | Acquired 2680 gold pieces
 33760 | D:12     | Acquired the +4 pair of boots of the Harvest Moon {rF++}
 33837 | Orc:2    | Bought the +8 orange crystal plate armour {Archmagi, Int+3
                  | Clar} for 3468 gold pieces
 33837 | Orc:2    | Found the +8 orange crystal plate armour {Archmagi, Int+3
                  | Clar}
 34147 | Shoals:3 | Bought a scroll of identify for 70 gold pieces
 34147 | Shoals:3 | Bought a scroll of teleportation for 105 gold pieces
 34147 | Shoals:3 | Bought a scroll of fog for 70 gold pieces
 34454 | Vaults:1 | Entered Level 1 of the Vaults
 34505 | Vaults:1 | Received a gift from Okawaru
 34605 | Vaults:1 | Reached skill level 15 in Throwing
 34734 | Vaults:1 | You fall into a shaft and drop 1 floor!
 34734 | Vaults:2 | Found Zeqiapsa's Jewellery Emporium.
 35050 | Vaults:2 | Received a gift from Okawaru
 35061 | Vaults:2 | Got a faintly humming hat {god gift}
 35072 | Vaults:2 | Identified the +1 hat "Canu" {Harm MR++ rCorr Stlth+}
                  | (Okawaru gifted it to you on level 2 of the Vaults)
 35214 | Vaults:2 | Found a staircase to the Crypt.
 35283 | Vaults:2 | Reached XP level 19. HP: 184/184 MP: 23/23
 35852 | Vaults:1 | Got a fine leather armour
 35863 | Vaults:1 | Identified the +5 leather armour "Pasmum" {-Cast MR+ rCorr}
                  | (You found it on level 1 of the Vaults)
 36404 | Vaults:1 | Noticed Saint Roka
 36459 | Vaults:1 | Killed Saint Roka
 37824 | Vaults:3 | Noticed a lich
 37842 | Vaults:3 | Killed a lich
 37842 | Vaults:3 | Received a gift from Okawaru
 37866 | Vaults:3 | Received a gift from Okawaru
 37965 | Vaults:3 | Received a gift from Okawaru
 38025 | Vaults:3 | Received a gift from Okawaru
 38155 | Vaults:3 | Reached skill level 10 in Dodging
 38394 | Vaults:3 | You fall into a shaft and drop 1 floor!
 38530 | Vaults:4 | Received a gift from Okawaru
 38572 | Vaults:4 | Received a gift from Okawaru
 38715 | Vaults:4 | Received a gift from Okawaru
 39189 | Vaults:3 | Reached XP level 20. HP: 172/195 MP: 24/24
 39356 | Vaults:3 | Received a gift from Okawaru
 39374 | Vaults:3 | Received a gift from Okawaru
 39440 | Vaults:3 | Found Wel Wiet's Jewellery Shop.
 40789 | Vaults:4 | Received a gift from Okawaru
 41285 | Vaults:5 | Entered Level 5 of the Vaults
 41297 | Vaults:4 | Received a gift from Okawaru
 41927 | Elf:1    | Entered Level 1 of the Elven Halls
 41940 | Elf:1    | Received a gift from Okawaru
 41950 | Elf:1    | Found a flickering gateway to a bazaar.
 41973 | Bazaar   | Entered a bazaar
 41975 | Bazaar   | Found Ihosuyr's Jewellery Emporium.
 41978 | Bazaar   | Found Pagurghau's Distillery.
 41986 | Bazaar   | Found Zostreada's Magic Scroll Shoppe.
 41990 | Bazaar   | Bought a potion of flight for 36 gold pieces
 41990 | Bazaar   | Bought a potion of mutation for 96 gold pieces
 41990 | Bazaar   | Bought a potion of curing for 36 gold pieces
 41990 | Bazaar   | Bought a potion of ambrosia for 96 gold pieces
 41996 | Bazaar   | Bought a scroll of fog for 16 gold pieces
 41996 | Bazaar   | Bought a scroll of silence for 60 gold pieces
 41996 | Bazaar   | Bought a scroll of identify for 16 gold pieces
 41996 | Bazaar   | Bought a scroll of identify for 16 gold pieces
 41996 | Bazaar   | Bought a scroll of blinking for 60 gold pieces
 41996 | Bazaar   | Bought a scroll of brand weapon for 160 gold pieces
 41996 | Bazaar   | Bought a scroll of identify for 16 gold pieces
 42000 | Bazaar   | Found Xerr's Jewellery Shop.
 42004 | Bazaar   | Bought the ring "Vary" {rF+ rN+ Str+5 Slay+2} for 716 gold
                  | pieces
 42011 | Bazaar   | Found Ucutaun's Jewellery Shop.
 42072 | Elf:1    | Found a portal to a secret trove of treasure.
 42117 | Elf:1    | Received a gift from Okawaru
 42118 | Elf:1    | Got a heavily runed scale mail {god gift}
 42129 | Elf:1    | Identified the +0 scale mail "Balaedusch" {rN+} (Okawaru
                  | gifted it to you on level 1 of the Elven Halls)
 42515 | Elf:1    | Reached skill level 15 in Armour
 43152 | Elf:2    | Found a runed translucent gate.
 43153 | Elf:2    | Found a runed translucent gate.
 43153 | Elf:2    | Found a runed translucent gate.
 43199 | Elf:2    | Reached XP level 21. HP: 205/205 MP: 26/26
 43483 | Elf:2    | Received a gift from Okawaru
 43949 | Elf:3    | Entered Level 3 of the Elven Halls
 44388 | Elf:3    | Found Xarazir's Gadget Boutique.
 44408 | Elf:3    | Reached skill level 10 in Invocations
 44483 | Elf:3    | Noticed Bai Suzhen
 44507 | Elf:3    | Killed Bai Suzhen
 44974 | Elf:3    | Received a gift from Okawaru
 45036 | Elf:3    | Identified the +7 glaive of Watchfulness {vamp, +Fly Str-3
                  | Dex+6 Stlth+}
 45036 | Elf:3    | Identified the amulet of the Little Devil {Faith rPois MP-9
                  | Str+4}
 45303 | Elf:3    | Identified the +4 halberd of Qouzxu {vorpal, Stlth+}
 45357 | Elf:3    | Found the +2 ratskin cloak {+Rats rPois rN+ Str-1 Int-1
                  | Dex+1}
 45376 | Elf:3    | Identified the Compendium of Ice
 45378 | Elf:3    | Identified the Papyrus of Ignition and the Mountains
 45385 | Elf:3    | Learned a level 2 spell: Passwall
 45398 | Elf:3    | Identified the +2 trident "Huxamu" {vorpal, *Corrode +Blink
                  | rElec rC-}
 45514 | Elf:3    | Identified a +0 pair of boots of running (Okawaru gifted it
                  | to you on level 3 of the Elven Halls)
 45843 | Elf:3    | Got an ancient ring mail
 45855 | Elf:3    | Got a faintly humming scale mail
 45861 | Elf:3    | Got an encrusted spear
 45882 | Elf:3    | Got a bloodstained dagger
 46000 | Elf:3    | Identified the +4 dagger "Xuegab" {drain, *Contam rPois
                  | Int+6 Dex+3} (You found it on level 3 of the Elven Halls)
 46348 | D:12     | Identified the +6 spear of Maaqiunk {holy, rElec MP-9 SInv}
                  | (You found it on level 3 of the Elven Halls)
 46352 | D:12     | Cast into level 4 of the Abyss (unwielding a weapon of
                  | distortion)
 46422 | Abyss:4  | Received a gift from Okawaru
 46522 | Abyss:4  | Paralysed by accursed screaming for 2 turns
 46535 | D:12     | Escaped the Abyss
 46575 | D:12     | Identified the cursed +1 scale mail of Disappointment
                  | {+Blink rF++} (You found it on level 3 of the Elven Halls)
 46576 | D:12     | Identified the +1 ring mail of Shielding {rPois Str-2
                  | Stlth+} (You found it on level 3 of the Elven Halls)
 46614 | D:12     | Acquired the ring of Panef {rPois Str+2 Int-4 Dex+3 Slay+6}
 46616 | D:12     | Acquired 1740 gold pieces
 46618 | D:12     | Acquired 420 gold pieces
 46866 | Depths:1 | Entered Level 1 of the Depths
 46894 | Depths:1 | Received a gift from Okawaru
 46905 | D:15     | Reached XP level 22. HP: 129/215 MP: 29/29
 47175 | Depths:1 | Received a gift from Okawaru
 47290 | Depths:1 | Found a gateway to a ziggurat.
 47383 | Depths:1 | Found the +8 Wrath of Trog {antimagic, *Rage}
 47691 | Depths:1 | Received a gift from Okawaru
 47711 | Depths:1 | Found a one-way gate leading to the halls of Pandemonium.
 47774 | Depths:1 | Found a gateway to Hell.
 48148 | Depths:2 | Received a gift from Okawaru
 48317 | Depths:2 | Received a gift from Okawaru
 48613 | Depths:2 | Received a gift from Okawaru
 48814 | Depths:2 | Noticed Asterion
 48824 | Depths:2 | Killed Asterion
 48897 | Depths:2 | Found The Legendary Sisehol's Legendary Smithy.
 48950 | Depths:2 | Found Citugis's Miraculous Elixirs.
 48988 | Depths:2 | Found Jack's Jerk-a-riffic Jerky.
 49094 | Depths:2 | Found Udezoyts's Slaves and Accessories.
 49108 | Depths:2 | Received a gift from Okawaru
 49204 | Depths:2 | Got a polished animal skin
 49215 | Depths:2 | Identified the +0 animal skin of Pessimism {*Drain rPois
                  | Regen+} (You found it on level 2 of the Depths)
 49326 | Depths:2 | Received a gift from Okawaru
 49333 | Depths:2 | Got a pair of dazzling gloves {god gift}
 49344 | Depths:2 | Identified the +0 pair of gloves "Zossuo" {-Tele rPois
                  | rC+++ Stlth-} (Okawaru gifted it to you on level 2 of the
                  | Depths)
 49394 | Depths:2 | Noticed an ancient lich
 49407 | Depths:2 | Killed an ancient lich
 50244 | Depths:3 | Found a one-way gate to the infinite horrors of the Abyss.
 50477 | Depths:3 | Noticed a golden dragon
 50488 | Depths:3 | Killed a golden dragon
 50488 | Depths:3 | Reached XP level 23. HP: 206/226 MP: 29/31
 50564 | Depths:3 | Received a gift from Okawaru
 50565 | Depths:3 | Got a polished ring mail {god gift}
 50791 | Depths:3 | Identified the Reference Book on Dark Execration
 51118 | Depths:3 | Found Hodd's Antique Weapon Shop.
 51118 | Depths:3 | Found Uwny's Assorted Antiques.
 51119 | Depths:3 | Found Opitaic's Distillery.
 51121 | Depths:3 | Found Vig Leqa's Food Shop.
 51191 | Depths:1 | Identified the +2 ring mail of a Billion Wars {Dex+3
                  | Stlth+} (Okawaru gifted it to you on level 3 of the Depths)
 51662 | Depths:3 | Bought a potion of heal wounds for 60 gold pieces
 51662 | Depths:3 | Bought a potion of curing for 36 gold pieces
 51662 | Depths:3 | Bought a potion of mutation for 96 gold pieces
 51662 | Depths:3 | Bought a potion of curing for 36 gold pieces
 51662 | Depths:3 | Bought a potion of curing for 36 gold pieces
 51662 | Depths:3 | Bought a potion of haste for 120 gold pieces
 51671 | Depths:3 | Bought a potion of curing for 93 gold pieces
 51671 | Depths:3 | Bought a scroll of blinking for 232 gold pieces
 51671 | Depths:3 | Bought a scroll of identify for 62 gold pieces
 51833 | Depths:4 | Found a shattered altar of Ashenzari.
 52375 | Depths:4 | Received a gift from Okawaru
 52641 | Depths:4 | Identified the cursed +0 lajatang of Okawaru's Hope
                  | {distort, rElec Str+6}
 52641 | Depths:4 | Noticed a juggernaut
 52642 | Depths:4 | Noticed Kaiern's ghost (veteran GrFi)
 52646 | Depths:4 | Identified the +8 morningstar of Duty {freeze, rElec}
 52647 | Depths:4 | Noticed a juggernaut
 52647 | Depths:4 | Identified the ring of Fidwoste {*Drain rPois Str+5 Dex-4
                  | Stlth-}
 52652 | Depths:4 | Found a transporter.
 52653 | Depths:4 | Found a bloodstained altar of Trog.
 52963 | Depths:4 | Found a transporter.
 53027 | Depths:4 | Received a gift from Okawaru
 53044 | Depths:4 | Got a bloodstained chain mail {god gift}
 53422 | Depths:4 | Identified the +0 chain mail "Elogyon" {rElec Str+2 Slay+3}
                  | (Okawaru gifted it to you on level 4 of the Depths)
 53532 | Depths:5 | Entered Level 5 of the Depths
 53545 | Depths:5 | Noticed a caustic shrike
 53545 | Depths:5 | Noticed a caustic shrike
 53566 | Depths:5 | Noticed a caustic shrike
 53577 | Depths:4 | Killed a caustic shrike
 53580 | Depths:4 | Killed a caustic shrike
 53590 | Depths:4 | Reached skill level 15 in Dodging
 53608 | Depths:5 | Killed a caustic shrike
 53608 | Depths:5 | Reached XP level 24. HP: 163/237 MP: 32/32
 53645 | Depths:5 | Reached skill level 1 in Spellcasting
 53713 | Depths:5 | Found a gate to the Realm of Zot.
 53748 | Depths:5 | HP: 1/238 [caustic shrike (16)]
 53748 | Depths:5 | Splashed by a caustic shrike's acid

Illustrated notes

Levels and vault maps discovered:
D:1:      psy_arrival_conway, layout_basic
D:2:      layout_loops_corners, nicolae_overflow_crystal_walls,
          chequers_ecumenical_altar_simple_redux, st_stairs_13,
          chequers_serial_rivers_small_a, minmay_octomino_c4, uniq_robin
D:3:      layout_loops_ring, gammafunk_temple_overflow_pools,
          minmay_fractal_squares_5
D:4:      layout_rooms, first_ration, minmay_manual_mail, uniq_eustachio,
          uniq_pikel, uniq_crazy_yiuf_cottage
D:5:      layout_basic
D:6:      minmay_chambers_of_fours, layout_cave_pools, kennysheep_little_box,
          grunt_gozag_breadcrumbs, minmay_temple_entry_offerings,
          grunt_ministairs_3, hangedman_abyss_or_decor_stabs
D:7:      layout_loops_ring, fedhas_ov_isle_minmay, serial_shops, shop,
          minmay_misc_feat_iff
D:8:      layout_basic, vehumet_crystals, erik_lair_island
D:9:      layout_irregular_city, zin_academy
D:10:     layout_rooms, basic_altar
D:11:     layout_basic, ebering_ghost_reflecting_pool
D:12:     layout_irregular_city, minmay_orc_entry_temple_small, uniq_erolcha
D:13:     layout_roguey, gauntlet_entry_generic, basic_altar
D:14:     layout_big_octagon, david_vaults_2, grunt_tengu_nest,
          minmay_pinched_square
D:15:     grunt_enter_depths_snipers, layout_loops_ring, basic_altar,
          basic_altar, serial_shops, nicolae_shop_window_shopping
Temple:   eino_temple_water
Lair:1:   kb_forest_paths, layout_cellular_growth, minmay_lair_oklob_chamber
Lair:2:   layout_loops_ring, elwin_shoals_entry_rocks, wad_woods_03,
          uniq_harold, uniq_prince_ribbit2
Lair:3:   minmay_guarded_unrand_snakebite, layout_regular_city,
          guppyfry_snake_entry_garden, minivault_29
Lair:4:   layout_cave_pods, st_stairs_10
Lair:5:   layout_roguey, slime_altar_2, grunt_megastairs_3,
          serial_bayou_shore_a, uniq_kirke
Lair:6:   grunt_lair_end_beastmaster, layout_regular_city, serial_bayou_ford_a
Shoals:1: layout_shoals, uniq_louise
Shoals:2: layout_shoals, lemuel_centaur_altar, uniq_polyphemus
Shoals:3: layout_shoals, serial_shops, shop,
          nicolae_shoals_stone_sculpture_thing
Shoals:4: shoals_end_grunt_ice, layout_shoals
Snake:1:  layout_onion_interference, eino_curves_03
Snake:2:  layout_grid_shapes, lemuel_fruit_tree, serial_bayou_shore_b,
          uniq_aizul
Snake:3:  layout_gridlike, portal_ice_cave_entry_dragon,
          corexii_hall_statues_deadend
Snake:4:  minmay_snake_end_coiled, layout_cave_town
Orc:1:    layout_diamond_mine, gammafunk_ghost_wrathful_warriors,
          roderic_batcave, uniq_josephine
Orc:2:    grunt_orc_gardens, layout_caves, grunt_orc_garden, grunt_orc_garden,
          grunt_orc_garden, grunt_orc_garden, basic_altar
Elf:1:    eino_elf_arrival_shootout, layout_gridlike,
          nicolae_trove_entry_crossroad, serial_shops, bzr_entry_water,
          minmay_elf_crystal_hexagon
Elf:2:    layout_geoelf_diagonals
Elf:3:    minmay_elf_hall_curves, layout_geoelf_castle, serial_shops, shop,
          kennysheep_underground_church, uniq_bai_suzhen
Vaults:1: nicolae_vaults_mini_display_case, ontoclasm_vaults_spin, v_misc_11,
          nicolae_vaults_little_squares_1, vaults_room_octagon,
          nicolae_vaults_yaktaur_gun_rack, vaults_room_large_hall,
          grunt_vaults_bifocal, v_alt_pattern_5, vaults_room_semicircle,
          nicolae_vaults_alarming, ontoclasm_vaults_ring_small,
          vaults_dpeg_diagonal, layout_vaults_big_cross, uniq_saint_roka
Vaults:2: v_misc_11, nicolae_vaults_statue_guard,
          minmay_crypt_entry_simple_sparse, vaults_room_corners,
          vaults_dpeg_hooks, nicolae_vaults_shelves_hall, grunt_vaults_focal,
          layout_vaults_omnigrid, serial_shops, nicolae_shop_stone
Vaults:3: grunt_vaults_swirl, hangedman_vaults_corner, v_alt_pattern_2,
          hangedman_vaults_cutoff, v_misc_8, v_alt_pattern_4,
          nicolae_vaults_rhombus_6, hangedman_vaults_nodes, v_rooms_2,
          nicolae_vaults_little_squares_1, ontoclasm_vaults_gallery,
          layout_vaults_maze_snakey, serial_shops, shop
Vaults:4: vaults_dpeg_ring, vaults_dpeg_doors, nicolae_vaults_specimen_jars,
          nicolae_vaults_windows_and_doors_thing, hangedman_vaults_river_flow,
          nicolae_vaults_border_crossing, v_pattern_5,
          layout_vaults_chaotic_city
Vaults:5: serial_shops, uniq_mara, uniq_xtahua, uniq_margery
Depths:1: layout_cave_pools, enter_ziggurat_e, minmay_misc_feat_five,
          hell_entry, rand_demon_pan_entry_1, hangedman_decor_clover_reticule,
          chequers_serial_rivers_micro_b, minmay_guarded_unrand_wrath_of_trog
Depths:2: grated_community_mu [grated_community_mu_vampire_home,
          grated_community_mu_giant_home, grated_community_mu_spellcaster_home,
          grated_community_mu_orcish_home, grated_community_mu_troll_home,
          grated_community_mu_taur_home, grated_community_mu_unbuilt_plot],
          layout_gridlike, grunt_mini_vestibule, infiniplex_staircase_pillars_2,
          uniq_asterion
Depths:3: cell_vault, layout_gridlike, hell_entry, pan_entry, abyss_entry,
          minmay_misc_feat_tiny, minmay_shoptagon
Depths:4: minmay_bloctagon, layout_gridlike, abyss_entry_crystal,
          nicolae_ashenzari_panopticon, grunt_hell_entry_dis_old,
          gammafunk_ghost_wrathful_warriors, pan_entry, corexii_hall_statues_i
Depths:5: grunt_zot_entry_bicorn, layout_cave_pools, serial_shops,
          bzr_in_the_mist, serial_sigils_hangedman_gnaw,
          pf_hell_entry_tar_river, grunt_pan_entry_spiral, serial_bayou_shore_b

Skill      XL: |  1  2  3  4  5  6  7  8  9 10 11 12 13 14 15 16 17 18 19 20 21 22 23 24 |
---------------+-------------------------------------------------------------------------+-----
Fighting       | 4 5 6 8 9 10 12 13 15 16 17 18 19 20 21 22 23 24 | 24.1
Shields        | 4 5 6 7 8 9 10 11 12 14 15 16 17 18 19 20 21 22 23 24 | 24.0
Armour         | 4 5 6 8 9 10 12 13 14 15 16 | 16.5
Maces & Flails | 3 4 5 6 8 9 10 12 13 14 15 16 17 18 | 18.9
Dodging        | 1 2 3 4 6 8 10 11 13 14 15 | 15.1
Throwing       | 1 2 3 5 6 7 8 9 11 12 14 15 16 | 16.5
Invocations    | 3 4 5 6 7 8 11 13 14 | 14.1
Stealth        | 1 |  1.7
Spellcasting   | 1 |  1.4
Short Blades   | |  0.1

Action                   |  1- 3 |  4- 6 |  7- 9 | 10-12 | 13-15 | 16-18 | 19-21 | 22-24 || total
-------------------------+-------+-------+-------+-------+-------+-------+-------+-------++-------
Melee: Flail             |    78 |    81 |       |       |   600 |  1212 |  1336 |   804 ||  4111
       Headbutt          |    10 |    28 |    62 |   144 |   387 |   391 |   447 |   326 ||  1795
       Morningstar       |       |    76 |    68 |       |       |       |       |       ||   144
       Mace              |       |       |   231 |   544 |   555 |       |       |       ||  1330
       Rapier            |       |       |       |       |       |       |     7 |       ||     7
Throw: Boomerang         |       |    13 |    33 |    90 |   356 |   842 |   787 |   526 ||  2647
       Dart              |       |       |       |     5 |       |       |       |       ||     5
       Javelin           |       |       |       |       |       |    18 |       |       ||    18
Invok: Heroism           |       |       |       |     7 |     8 |    11 |    21 |     9 ||    56
       Finesse           |       |       |       |     4 |     3 |     5 |     8 |     4 ||    24
 Abil: Evoke Flight      |       |       |       |       |       |     1 |       |       ||     1
Evoke: Wand              |       |       |       |       |       |       |     1 |     1 ||     2
  Use: Scroll            |       |     2 |    19 |    12 |     5 |    11 |    17 |     8 ||    74
       Potion            |       |       |     1 |     1 |       |     1 |     3 |     2 ||     8
 Stab: Petrified         |       |       |       |       |     2 |       |       |       ||     2
       Distracted        |       |       |       |       |       |     2 |       |       ||     2
  Eat: Chunk             |       |     5 |     1 |    12 |    11 |     7 |    12 |     6 ||    54
       Ration            |       |     1 |     2 |     4 |     6 |    10 |     8 |     4 ||    35
Armor: Scale mail        |    11 |       |       |       |       |       |       |       ||    11
       Chain mail        |    18 |   109 |    86 |       |       |       |       |       ||   213
       Plate armour      |       |       |    51 |   192 |   330 |   244 |       |       ||   817
       Crystal plate arm |       |       |       |       |       |    36 |   303 |   185 ||   524
Dodge: Dodged            |    17 |    38 |    76 |   140 |   306 |   290 |   260 |   206 ||  1333
Block: Kite shield       |    44 |    97 |   175 |   266 |   596 |   605 |       |       ||  1783
       Reflection        |       |       |       |       |     2 |   220 |    10 |       ||   232
       Tower shield      |       |       |       |       |       |   820 |  1410 |   844 ||  3074
